 Dungeon Crawl Stone Soup version 0.29.1-12-g30fa7ad0bf (webtiles) character file.

Game seed: 17145612612061633343

9520 seve the Zephyrmancer (level 11, -3/85 HPs)
             Began as a Black Draconian Air Elementalist on Dec 24, 2022.
             Was a Believer of Vehumet.
             Killed from afar by a fire dragon (32 damage)
             ... with a blast of flame
             ... on level 12 of the Dungeon.
             The game lasted 02:12:41 (13063 turns).

seve the Zephyrmancer (DrAE)                       Turns: 13063, Time: 02:12:42

Health: -3/85      AC: 13    Str: 10      XL:     11   Next: 24%
Magic:  22/23      EV: 14    Int: 17 (19) God:    Vehumet [**....]
Gold:   655        SH:  0    Dex: 12 (13) Spells: 12/26 levels left

rFire   . . .      SeeInvis .   b - staff of air
rCold   . . .      Faith    .   (no shield)
rNeg    + . .      Spirit   .   (body armour unavailable)
rPois   .          Reflect  .   (helmet restricted)
rElec   +          Harm     .   x - +2 cloak
rCorr   .          Rampage  .   (no gloves)
Will    .....                   n - +2 pair of boots
Stlth   ++........              d - amulet of regeneration
HPRegen 1.04/turn               k - ring of fire
MPRegen 0.18/turn               c - ring "Syofyb" {Ice rN+}

@: mighty
A: breathe lightning, AC +7, unfitting armour, electricity resistance,
cold-blooded
a: Breathe Lightning, Renounce Religion


You were on level 12 of the Dungeon.
You worshipped Vehumet.
Vehumet was pleased with you.
You visited 2 branches of the dungeon, and saw 13 of its levels.
You also visited: Sewer.

You collected 655 gold pieces.

Inventory:

Hand Weapons
 g - a +1 dagger of protection
 B - the +10 battleaxe "Luzuk" {elec, rElec rC+ Dex-2}
   (You found it on level 7 of the Dungeon)

   It occasionally discharges a powerful burst of electricity upon striking a
   foe.
   Dex:       It affects your dexterity (-2).
   rC:        It protects you from cold.
   rElec:     It insulates you from electricity.
Armour
 n - a +2 pair of boots (worn)
 x - a +2 cloak (worn)
Magical Staves
 b - a staff of air (weapon)
 p - a staff of earth
Jewellery
 c - the ring "Syofyb" (right hand) {Ice rN+}
   (You acquired it on level 10 of the Dungeon)

   [ring of ice]

   It enhances your ice magic.
   rF:        It makes you vulnerable to fire.
   rC:        It protects you from cold.
   rN:        It protects you from negative energy.
 d - an amulet of regeneration (around neck)
 j - an amulet of magic regeneration
 k - a ring of fire (left hand)
 o - a ring of positive energy
 r - a ring of resist corrosion
 t - an amulet of the acrobat
Wands
 e - a wand of flame (4)
 v - a wand of mindburst (9)
 G - a wand of iceblast (6)
Scrolls
 i - a scroll of identify
 u - 4 scrolls of butterflies
 D - 2 scrolls of magic mapping
Potions
 a - a potion of brilliance
 f - 2 potions of flight
 l - 5 potions of mutation
 w - 2 potions of resistance
 E - a potion of curing


   Skills:
 + Level 4.5 Fighting
 + Level 2.0 Short Blades
 + Level 4.8 Staves
 + Level 6.4 Dodging
 + Level 3.9 Stealth
 + Level 0.1 Unarmed Combat
 + Level 8.2 Spellcasting
 + Level 7.6 Conjurations
 + Level 10.2 Air Magic
 + Level 3.0 Evocations


You had 12 spell levels left.
You knew the following spells:

 Your Spells              Type           Power      Damage    Failure   Level
a - Shock                 Conj/Air       100%       1d9       1%          1
b - Beastly Appendage     Tmut           14%        N/A       11%         1
c - Wereblood             Tmut           7%         N/A       16%         2
d - Static Discharge      Conj/Air       54%        3-10/arc  1%          2
e - Airstrike             Air            29%        2d(5-21)  1%          4
f - Swiftness             Air            58%        N/A       1%          3
g - Magic Dart            Conj           100%       1d8       1%          1

Your spell library contained the following spells:

 Spells                   Type           Power      Damage    Failure   Level
 Freeze                   Ice            40%        1d6       11%         1
 Conjure Flame            Conj/Fire      30%        6-21      6%          3
 Summon Small Mammal      Summ           28%        N/A       11%         1
 Sublimation of Blood     Necr           7%         N/A       16%         2
 Hailstorm                Conj/Ice       30%        3d8       22%         4
 Call Canine Familiar     Summ           7%         N/A       30%         3
 Spider Form              Tmut/Pois      7%         N/A       30%         3
 Summon Guardian Golem    Hex/Summ       7%         N/A       30%         3
 Ice Form                 Ice/Tmut       10%        N/A       71%         4
 Simulacrum               Ice/Necr       5%         N/A       100%        6
 Summon Hydra             Summ           3%         N/A       100%        7
 Ignition                 Fire           5%         3d4       100%        8
 Polar Vortex             Ice            5%         N/A       100%        9


Dungeon Overview and Level Annotations

Branches:
Dungeon (12/15)            Temple (1/1) D:6            Lair (0/5) D:8
  Sewer (visited)
    Orc: D:9-12

Altars:
Cheibriados
Elyvilon
Fedhas
Gozag
Hepliaklqana
Kikubaaqudgha
Makhleb
Nemelex Xobeh
Okawaru
Qazlal
Ru
Sif Muna
Trog
Uskayaw
Vehumet
Wu Jian
Xom
Yredelemnul
Zin
The Shining One

Shops:
D:10 [

Annotations:
D:5 1 runed translucent door, MajorAdolf's ghost, novice NaWn
D:9 Maurice


Innate Abilities, Weirdness & Mutations

You can breathe wild blasts of lightning.
Your glossy black scales are hard. (AC +7)
You cannot fit into any form of body armour.
You are resistant to electric shocks. (rElec)
You are cold-blooded and may be slowed by cold attacks.


Message History

The slime creature hits you!
Aiming: Polymorph
Press: ? - help, Q - select action, (/) - cycle Shift-Dir - straight line, f/p - enormous slime creature
Aim: an enormous slime creature (lightly wounded, will probably split, will become an elephant, a fire dragon, or a great orb of eyes, chance to affect: 38%)
An enormous slime creature splits.
A large slime creature splits.
The slime creature evaporates and reforms as an elephant!
The slime creature evaporates and reforms as a fire dragon!
The large slime creature evaporates and reforms as a fire dragon!
The now-empty wand crumbles to dust.
The slime creature hits you.
You feel very mighty all of a sudden.
The slime creature hits you but does no damage.
The fire dragon bites you. The fire dragon misses you.
The fire dragon barely misses you.
You hit the slime creature.
The slime creature is moderately wounded.
The slime creature hits you but does no damage.
The fire dragon bites you. The fire dragon claws you.
The fire dragon tramples you!
You hold your ground!
You hit the slime creature.
The slime creature is electrocuted.
The slime creature is moderately wounded.
The slime creature hits you. The fire dragon breathes flames at you.
The blast of flame hits the fire dragon!
The fire dragon resists.
The blast of flame misses you. The fire dragon completely misses you.
The fire dragon claws you but does no damage.
The fire dragon closely misses you.
You hit the slime creature! You tail-slap the slime creature!
The slime creature is severely wounded.
The slime creature completely misses you.
The fire dragon bites you but does no damage.
The fire dragon claws you.
The fire dragon tramples you but does no damage.
You hit the slime creature! You tail-slap the slime creature.
The slime creature is almost dead.
The slime creature hits you but does no damage.
The fire dragon breathes flames at you. The blast of flame hits you!!
You die...

..# #.# #.#
#########.#
....YDD@#.#
#######J#.###########
#.#>..........####
#..........##.#...
###.######.##.....
#...............
###........##.#.
#........##.#.
#........##.#.


You could see 2 fire dragons, an elephant and a slime creature.

Vanquished Creatures
  A two-headed ogre (D:8)
  A manticore (D:12)
  A kobold demonologist (D:10)
  3 komodo dragons
  Grinder (D:4)
  A culicivora (D:11)
  9 yaks
  A wraith (D:10)
  A vampire (D:10)
  3 wyverns (D:8)
  A basilisk (D:8)
  A steam dragon (D:8)
  A vampire mosquito (D:8)
  2 acid dragons
  4 water moccasins
  2 sky beasts
  4 orc warriors
  2 ice beasts
  8 centaurs
  2 phantoms
  A kobold brigand (D:8)
  5 bullfrogs
  3 necrophages
  6 scorpions
  A wight (D:8)
  2 water moccasin zombies (D:5)
  8 killer bees (D:8)
  3 howler monkeys
  6 hounds
  3 jellies
  6 orc priests
  A gnoll bouda (D:8)
  A scorpion zombie (D:5)
  3 iguanas
  5 orc wizards
  Natasha (thrice) (D:4)
  2 hound zombies (D:5)
  10 adders
  4 gnolls (D:8)
  3 river rats
  A shadow imp (D:7)
  2 white imps
  An ufetubus (D:6)
  A dart slug (D:4)
  26 orcs
  11 ball pythons
  6 bats
  7 endoplasms
  9 giant cockroaches
  8 goblins
  7 hobgoblins
  4 jackals (D:4)
  4 quokkas
  6 frilled lizards
  9 kobolds
  24 rats
251 creatures vanquished.

Vanquished Creatures (others)
  A fungus (D:8)
  34 plants
35 creatures vanquished.

Grand Total: 286 creatures vanquished

Notes
Turn   | Place    | Note
-------+----------+-------------------------------------------
     0 | D:1      | seve the Draconian Air Elementalist began the quest for the
                  | Orb.
     0 | D:1      | Reached XP level 1. HP: 14/14 MP: 3/3
    23 | D:1      | Found a faded altar of an unknown god.
   384 | D:1      | Reached XP level 2. HP: 20/20 MP: 1/5
  1216 | D:1      | Reached XP level 3. HP: 26/26 MP: 4/6
  1728 | D:2      | Found a basalt altar of Yredelemnul.
  1757 | D:2      | Learned a level 1 spell: Beastly Appendage
  1760 | D:2      | Learned a level 2 spell: Wereblood
  1763 | D:2      | Learned a level 2 spell: Static Discharge
  2249 | D:3      | Noticed a phantom
  2391 | D:4      | Reached XP level 4. HP: 33/33 MP: 2/8
  2655 | D:4      | Noticed Natasha
  2692 | D:4      | Killed Natasha
  2693 | D:4      | Reached skill level 1 in Short Blades
  2811 | D:4      | Identified a scroll of acquirement
  2811 | D:4      | Acquired a staff of air
  2848 | D:4      | Reached XP level 5. HP: 38/38 MP: 2/10
  2926 | D:4      | Noticed Natasha
  2940 | D:4      | Killed Natasha
  3017 | D:4      | Noticed Grinder
  3021 | D:4      | Noticed Natasha
  3042 | D:4      | Killed Natasha
  3042 | D:4      | Killed Grinder
  3043 | D:4      | Reached skill level 4 in Air Magic
  3043 | D:4      | Reached XP level 6. HP: 34/46 MP: 3/11
  3699 | D:3      | Found a burning altar of Makhleb.
  3818 | D:3      | Your scales start taking on a glossy black colour.
  3818 | D:3      | Reached skill level 5 in Air Magic
  3818 | D:3      | Reached XP level 7. HP: 48/51 MP: 13/13
  3818 | D:3      | Gained mutation: You are resistant to electric shocks.
                  | (rElec) [Black Draconian growth]
  4240 | D:3      | Reached skill level 1 in Staves
  4244 | D:3      | Reached skill level 1 in Fighting
  4510 | D:5      | Entered Level 5 of the Dungeon
  4881 | D:5      | Found a runed translucent door.
  4888 | D:5      | Noticed MajorAdolf's ghost (novice NaWn)
  5134 | D:5      | Found a basalt altar of Yredelemnul.
  5723 | D:5      | Reached XP level 8. HP: 34/60 MP: 11/14
  6326 | D:6      | Reached skill level 1 in Evocations
  6354 | D:6      | Reached skill level 6 in Air Magic
  6493 | D:6      | Found a glowing drain.
  6500 | Sewer    | Entered a sewer
  6832 | D:6      | Identified the +4 ring mail of Ru's Respect {Fly rC+ Will-
                  | Dex+9}
  7084 | D:6      | Found a staircase to the Ecumenical Temple.
  7091 | Temple   | Entered the Ecumenical Temple
  7099 | Temple   | Became a worshipper of Vehumet
  7186 | D:6      | Reached skill level 5 in Spellcasting
  7429 | D:7      | Identified the +10 battleaxe "Luzuk" {elec, rElec rC+
                  | Dex-2}
  7539 | D:7      | Learned a level 4 spell: Airstrike
  7543 | D:7      | Learned a level 3 spell: Swiftness
  7629 | D:7      | Reached XP level 9. HP: 69/69 MP: 12/17
  7730 | D:7      | Reached skill level 7 in Air Magic
  8006 | D:7      | Reached * piety under Vehumet
  8006 | D:7      | Offered knowledge of Magic Dart by Vehumet.
  8007 | D:7      | Reached skill level 5 in Conjurations
  8749 | D:7      | Reached skill level 5 in Dodging
  8904 | D:8      | Reached skill level 8 in Air Magic
  9063 | D:8      | Reached XP level 10. HP: 64/77 MP: 11/20
  9419 | D:8      | Reached skill level 9 in Air Magic
  9558 | D:8      | Found a staircase to the Lair.
  9791 | D:8      | Found a hazy altar of Hepliaklqana.
  9877 | D:8      | Learned a level 1 spell: Magic Dart
 10011 | D:8      | Got the Anthology of the Blizzard and Flames
 10046 | D:8      | Reached ** piety under Vehumet
 10046 | D:8      | Offered knowledge of Freeze by Vehumet.
 10047 | D:8      | Noticed a two-headed ogre
 10071 | D:8      | Killed a two-headed ogre
 10417 | D:8      | Identified the +0 leather armour "Quanlous" {+Blink +Inv
                  | rN+}
 11394 | D:9      | Reached XP level 11. HP: 31/84 MP: 15/22
 11456 | D:9      | Noticed Maurice
 11606 | D:9      | Noticed a two-headed ogre
 11624 | D:10     | Entered Level 10 of the Dungeon
 11655 | D:10     | Found a hide-covered altar of Uskayaw.
 11871 | D:10     | Acquired the ring "Syofyb" {Ice rN+}
 11890 | D:10     | Reached skill level 10 in Air Magic
 11933 | D:10     | Found an ornate altar of the Wu Jian Council.
 11958 | D:10     | Found a shimmering blue altar of Sif Muna.
 12115 | D:10     | Found Xaro's Armour Shop.
 12627 | D:11     | Noticed a brown ugly thing
 12837 | D:12     | Noticed a seven-headed hydra
 13058 | D:12     | Noticed a fire dragon
 13058 | D:12     | a slime creature changed into a fire dragon
 13058 | D:12     | Noticed a fire dragon
 13058 | D:12     | a large slime creature changed into a fire dragon
 13063 | D:12     | Killed from afar by a fire dragon

Illustrated notes

Levels and vault maps discovered:
D:1:      amcnicky_arrival_underground_garden, layout_basic,
          shapermc_ecumenical_altar_notcrosses
D:2:      layout_rooms, basic_altar, minivault_24, kennysheep_pointless_box
D:3:      layout_basic, lightli_temple_of_fire, supply_closet_lemuel,
          saegor_snake_ambush
D:4:      layout_loops_cross, uniq_grinder, uniq_natasha
D:5:      layout_layer_cave, nicolae_yredelemnul_corpse_copse,
          ebering_ghost_sewer_d
D:6:      layout_gridville, minmay_temple_entry_nine_rooms,
          gup_sewer_entry_bubbles
D:7:      layout_gridville, minmay_chambers_of_fives
D:8:      minmay_slanted_spiral_squares, layout_rooms,
          mainiacjoe_overflow_alcove_4, minmay_lair_entry_grove,
          corexii_hall_statues_l
D:9:      layout_rooms, nicolae_ashenzari_panopticon, uniq_maurice
D:10:     layout_roguey, mainiacjoe_overflow_brackets, lemuel_doored_altar,
          mainiacjoe_overflow_big_doors, serial_shops, kennysheep_little_box
D:11:     layout_rooms, special_room [special_room_orc],
          nicolae_elyvilon_temple_path
D:12:     layout_basic, david_orc_4, gauntlet_entry_generic
Temple:   zaba_magenta_temple

Skill      XL: |  1  2  3  4  5  6  7  8  9 10 11 |
---------------+----------------------------------+-----
Dodging        | 2 3 4 5 6 |  6.4
Stealth        | 2 3 |  3.9
Spellcasting   | 3 4 5 6 7 8 |  8.2
Short Blades   | 1 2 |  2.0
Conjurations   | 2 3 4 6 7 |  7.6
Air Magic      | 4 5 6 8 9 10 | 10.2
Staves         | 2 3 4 |  4.8
Fighting       | 1 3 4 |  4.5
Evocations     | 1 2 3 |  3.0
Unarmed Combat | |  0.1

Action                   |  1- 3 |  4- 6 |  7- 9 | 10-12 || total
-------------------------+-------+-------+-------+-------++-------
Melee: Unarmed           |    22 |       |       |       ||    22
       Tailslap          |     2 |     7 |    38 |    22 ||    69
       Dagger            |     2 |    46 |       |       ||    48
       Staff             |       |    36 |   259 |   172 ||   467
       Punch             |       |       |     1 |       ||     1
 Cast: Shock             |   108 |    57 |   253 |   251 ||   669
 Abil: Breathe Lightning |       |       |     6 |     9 ||    15
Evoke: Wand              |       |     8 |    28 |    30 ||    66
  Use: Potion            |     5 |     3 |     2 |    14 ||    24
       Scroll            |       |     9 |     3 |    11 ||    23
 Stab: Sleeping          |       |       |     2 |       ||     2
Armor: Skin              |    54 |    38 |   131 |   149 ||   372
Dodge: Dodged            |   101 |    76 |   240 |   308 ||   725
